 Seeded DCSS version 0.30-a0-52-g86a8295270 (webtiles) character file.

Game seed: 17246712331252751712 (custom seed)

1313 wilfster70 the Shooter (level 8, -6/58 HPs)
             Began as a Gnoll Wanderer on Sept 6, 2022.
             Was a Priest of Vehumet.
             Killed from afar by an acid dragon (17 damage)
             ... with a splash of acid
             ... on level 6 of the Dungeon.
             The game lasted 00:14:23 (4170 turns).

wilfster70 the Shooter (Gnoll Wanderer)             Turns: 4170, Time: 00:14:24

Health: -6/58      AC:  5    Str:  9    XL:     8   Next: 58%
Magic:  17/17      EV: 12    Int: 14    God:    Vehumet [***...]
Gold:   191        SH:  0    Dex: 14    Spells: 15/19 levels left

rFire   . . .      SeeInvis .    b - +2 dagger (venom)
rCold   . . .      Faith    .    (no shield)
rNeg    . . .      Spirit   .    v - +0 leather armour
rPois   .          Reflect  .    f - +2 hat of the Equator {Regen+}
rElec   .          Harm     .    (no cloak)
rCorr   .          Rampage  .    (no gloves)
Will    .....                    (no boots)
Stlth   ++........               (no amulet)
HPRegen 0.99/turn                (no ring)
MPRegen 0.15/turn                (no ring)

@: no status effects
A: fangs 1, strong nose, distributed training
a: Renounce Religion


You were on level 6 of the Dungeon.
You worshipped Vehumet.
Vehumet was most pleased with you.
You visited 1 branch of the dungeon, and saw 6 of its levels.
You also visited: Sewer.

You collected 191 gold pieces.

Inventory:

Hand Weapons
 a - a +2 sling
 b - a +2 dagger of venom (weapon)
 x - the +3 longbow of the Absolute Madman {vorpal, Fly Will+++ MP-9}
   (You acquired it in a sewer)

   Any ammunition fired from it inflicts extra damage upon your enemies.
   MP:        It affects your magic capacity (-9).
   Fly:       It grants you flight.
   Will:      It greatly increases your willpower.
Armour
 f - the +2 hat of the Equator (worn) {Regen+}
   (You acquired it on level 1 of the Dungeon)

   Regen:     It increases your rate of health regeneration.
 v - a +0 leather armour (worn)
Jewellery
 p - a ring of ice
Wands
 e - a wand of paralysis (7)
 r - a wand of mindburst (3)
Scrolls
 c - a scroll of vulnerability
 d - a scroll of noise {unknown}
 h - a scroll of blinking {unknown}
 i - 2 scrolls of teleportation {unknown}
 j - 3 scrolls of fog
 k - a scroll of enchant armour {unknown}
 l - 2 scrolls of poison {unknown}
 m - 2 scrolls of amnesia {unknown}
 s - 2 scrolls of enchant weapon {unknown}
 w - 3 scrolls of summoning {unknown}
 y - 2 scrolls of magic mapping {unknown}
 B - a scroll of fear {unknown}
Potions
 g - 6 potions of curing
 o - a potion of cancellation {unknown}
 q - 3 potions of lignification
 t - a potion of magic {unknown}
 u - a potion of resistance {unknown}
 z - 2 potions of invisibility
 A - 3 potions of heal wounds
 C - a potion of might {unknown}
 D - a potion of mutation
Miscellaneous
 n - a piece from Xom's chessboard (15/15)


   Skills:
 + Level 3.5 Fighting
 + Level 3.5 Short Blades
 + Level 3.5 Long Blades
 + Level 3.5 Axes
 + Level 3.5 Maces & Flails
 + Level 3.5 Polearms
 + Level 3.5 Staves
 + Level 7.5 Ranged Weapons
 + Level 3.5 Throwing
 + Level 3.5 Armour
 + Level 3.5 Dodging
 + Level 4.3 Stealth
 + Level 3.5 Shields
 + Level 3.5 Unarmed Combat
 + Level 6.2 Spellcasting
 + Level 2.9 Conjurations
 + Level 4.8 Hexes
 + Level 2.9 Summonings
 + Level 2.9 Necromancy
 + Level 2.9 Translocations
 + Level 2.9 Transmutations
 + Level 2.9 Fire Magic
 + Level 2.9 Ice Magic
 + Level 2.9 Air Magic
 + Level 2.9 Earth Magic
 + Level 2.9 Poison Magic
 + Level 4.7 Invocations
 + Level 4.4 Evocations


You had 15 spell levels left.
You knew the following spells:

 Your Spells              Type           Power      Damage    Failure   Level
a - Slow                  Hex            68%        N/A       3%          1
b - Foxfire               Conj/Fire      48%        2x1d6     1%          1
g - Blink                 Tloc           24%        N/A       10%         2

Your spell library contained the following spells:

 Spells                   Type           Power      Damage    Failure   Level
 Dazzling Flash           Conj/Hex       30%        N/A       3%          3
 Inner Flame              Hex/Fire       15%        N/A       3%          3
 Conjure Flame            Conj/Fire      12%        6-21      5%          3
 Tukima's Dance           Hex            17%        N/A       9%          3
 Flame Wave               Conj/Fire      12%        2d6       17%         4
 Lesser Beckoning         Tloc           12%        N/A       19%         3
 Manifold Assault         Tloc           12%        N/A       87%         5


Dungeon Overview and Level Annotations

Branches:
Dungeon (6/15)              Sewer (visited)
 Temple: D:4-7

Altars:
Dithmenos
Gozag
Kikubaaqudgha
Makhleb
Nemelex Xobeh
Ru
Sif Muna
Trog
Vehumet
Wu Jian


Innate Abilities, Weirdness & Mutations

You have very sharp teeth.
Your uncanny sense of smell can sniff out nearby items.
Your experience applies equally to all skills.


Message History

There is a stone staircase leading up here.
There are monsters nearby!
The hound barks!
You hear a roar!
The hound completely misses you. The hound barely misses you.
The hound attacks as you move away! The hound bites you but does no damage.
The hound completely misses you. The hound barely misses you.
The acid dragon bites you but does no damage.
The acid dragon misses you.
There is a stone staircase leading up here.
You hit the acid dragon but do no damage.
The hound barely misses you.
You hit the acid dragon but do no damage.
The hound bites you but does no damage. The acid dragon bites you!
The acid dragon claws you.
You hit the acid dragon.
You bite the acid dragon, but do no damage.
The acid dragon is lightly wounded.
The hound closely misses you. The acid dragon bites you.
The acid dragon claws you. The hound bites you.
You hit the acid dragon but do no damage.
The acid dragon is poisoned.
The acid dragon is lightly wounded.
The hound closely misses you. The acid dragon closely misses you.
The acid dragon claws you but does no damage.
You hit the acid dragon but do no damage.
The acid dragon is lightly wounded.
The hound closely misses you. The acid dragon barely misses you.
The acid dragon closely misses you. The hound closely misses you.
The acid dragon spits acid at you. The splash of acid hits you!!
Ouch! That really hurt!
* * * LOW HITPOINT WARNING * * *
The hound attacks as you move away! The hound bites you but does no damage.
The hound bites you.
* * * LOW HITPOINT WARNING * * *
The acid dragon spits acid at you. The splash of acid hits you!
You die...

## .. #### .#
#...######.# ##
..#...#......#..##
...........>#....
#....D.......#
#^#h#........#
#.#.@<........
#.#....#....#.#
#........#..#
######......#
#..#$....#
####..##.# ∆ ..#
.# ..# ..#


You could see an acid dragon (poisoned, catching breath) and a hound.

Vanquished Creatures
  3 black bears
  3 kobold brigands (Sewer)
  2 necrophages (D:5)
  A scorpion (D:5)
  3 hounds
  An orc priest (D:3)
  A gnoll bouda (D:5)
  3 iguanas (D:5)
  4 orc wizards
  9 gnolls
  11 adders
  3 river rats
  An ufetubus (D:5)
  3 worms
  4 dart slugs
  12 orcs
  6 ball pythons
  4 bats
  6 endoplasms
  8 giant cockroaches
  5 hobgoblins
  3 quokkas
  A frilled lizard (D:2)
  4 goblins
  11 kobolds
  5 rats
117 creatures vanquished.

Vanquished Creatures (others)
  8 foxfires (D:5)
8 creatures vanquished.

Grand Total: 125 creatures vanquished

Notes
Turn   | Place    | Note
-------+----------+-------------------------------------------
     0 | D:1      | wilfster70 the Gnoll Wanderer began the quest for the Orb.
     0 | D:1      | wilfster70 set off with the following items: a +2 sling, a
                  | piece from Xom's chessboard (15/15), a scroll of
                  | vulnerability, a +0 robe; and the following spell
                  | memorised: Slow; and the following spells available to
                  | memorise: Tukima's Dance.
     0 | D:1      | Reached XP level 1. HP: 13/13 MP: 6/6
    31 | D:1      | Identified a scroll of acquirement
    31 | D:1      | Acquired the +5 plate armour of Mibeud {rC+}
    81 | D:1      | Acquired the +2 hat of the Equator {Regen+}
   112 | D:1      | Reached XP level 2. HP: 19/19 MP: 7/7
   469 | D:2      | Reached skill level 5 in Spellcasting
   469 | D:2      | Reached XP level 3. HP: 25/25 MP: 7/9
   646 | D:2      | Found a faded altar of an unknown god.
   657 | D:2      | Prayed at the altar of an unknown god.
   657 | D:2      | Became a worshipper of Vehumet
   657 | D:2      | Reached * piety under Vehumet
   657 | D:2      | Offered knowledge of Foxfire by Vehumet.
  1058 | D:3      | Reached skill level 1 in Fighting
  1058 | D:3      | Reached skill level 1 in Short Blades
  1058 | D:3      | Reached skill level 1 in Long Blades
  1058 | D:3      | Reached skill level 1 in Axes
  1058 | D:3      | Reached skill level 1 in Maces & Flails
  1058 | D:3      | Reached skill level 1 in Polearms
  1058 | D:3      | Reached skill level 1 in Staves
  1058 | D:3      | Reached skill level 1 in Throwing
  1058 | D:3      | Reached skill level 1 in Armour
  1058 | D:3      | Reached skill level 1 in Dodging
  1058 | D:3      | Reached skill level 1 in Shields
  1058 | D:3      | Reached skill level 1 in Unarmed Combat
  1058 | D:3      | Reached XP level 4. HP: 29/32 MP: 11/11
  1117 | D:3      | Found a glowing drain.
  1133 | D:3      | Reached skill level 1 in Conjurations
  1133 | D:3      | Reached skill level 1 in Summonings
  1133 | D:3      | Reached skill level 1 in Necromancy
  1133 | D:3      | Reached skill level 1 in Translocations
  1133 | D:3      | Reached skill level 1 in Transmutations
  1133 | D:3      | Reached skill level 1 in Fire Magic
  1133 | D:3      | Reached skill level 1 in Ice Magic
  1133 | D:3      | Reached skill level 1 in Air Magic
  1133 | D:3      | Reached skill level 1 in Earth Magic
  1133 | D:3      | Reached skill level 1 in Poison Magic
  1185 | Sewer    | Entered a sewer
  1203 | Sewer    | Reached XP level 5. HP: 37/37 MP: 12/12
  1227 | Sewer    | Acquired the +3 longbow of the Absolute Madman {vorpal, Fly
                  | Will+++ MP-9}
  1302 | Sewer    | Noticed a kobold brigand
  1334 | Sewer    | Killed a kobold brigand
  1335 | Sewer    | Reached XP level 6. HP: 22/44 MP: 13/13
  1424 | Sewer    | Reached ** piety under Vehumet
  1498 | Sewer    | Offered knowledge of Searing Ray by Vehumet.
  1760 | D:3      | Reached skill level 7 in Ranged Weapons
  1760 | D:3      | Reached XP level 7. HP: 38/50 MP: 15/15
  2109 | D:3      | Found a burning altar of Makhleb.
  2120 | D:3      | Found an opulent altar of Gozag.
  2197 | D:3      | Found an ornate altar of the Wu Jian Council.
  2331 | D:3      | Found a shimmering blue altar of Sif Muna.
  2345 | D:3      | Found an ancient bone altar of Kikubaaqudgha.
  2462 | D:4      | Found a bloodstained altar of Trog.
  2582 | D:4      | Offered knowledge of Dazzling Flash by Vehumet.
  2862 | D:4      | Found a sacrificial altar of Ru.
  2974 | D:5      | Entered Level 5 of the Dungeon
  3051 | D:5      | Reached *** piety under Vehumet
  3052 | D:5      | Reached XP level 8. HP: 49/58 MP: 16/16
  3062 | D:5      | Learned a level 1 spell: Foxfire
  3336 | D:5      | Learned a level 2 spell: Blink
  3361 | D:5      | Found a shadowy altar of Dithmenos.
  3997 | D:5      | Found a sparkling altar of Nemelex Xobeh.
  4170 | D:6      | Killed from afar by an acid dragon

Illustrated notes

Levels and vault maps discovered:
D:1:      evilmike_arrival_plus, layout_rooms
D:2:      minmay_evil_eye, layout_loops_ring, ebering_ecumenical_altar_box
D:3:      layout_basic, palyth_temple_overflow_mages, nzn_wu_jian_contemplation,
          amethyst_overflow_temple_binary, portal_sewer_entry_c
D:4:      layout_basic, trog_book, nicolae_ru_great_annihilating_truth
D:5:      layout_loops_ring, nicolae_dithmenos_the_darkroom,
          overflow_temple_1_default
D:6:      layout_basic

Skill      XL: |  1  2  3  4  5  6  7  8 |
---------------+-------------------------+-----
Spellcasting   | 5 6 |  6.2
Fighting       | 1 2 3 |  3.5
Short Blades   | 1 2 3 |  3.5
Long Blades    | 1 2 3 |  3.5
Axes           | 1 2 3 |  3.5
Maces & Flails | 1 2 3 |  3.5
Polearms       | 1 2 3 |  3.5
Staves         | 1 2 3 |  3.5
Throwing       | 1 2 3 |  3.5
Armour         | 1 2 3 |  3.5
Dodging        | 1 2 3 |  3.5
Shields        | 1 2 3 |  3.5
Unarmed Combat | 1 2 3 |  3.5
Conjurations   | 1 2 |  2.9
Summonings     | 1 2 |  2.9
Necromancy     | 1 2 |  2.9
Translocations | 1 2 |  2.9
Transmutations | 1 2 |  2.9
Fire Magic     | 1 2 |  2.9
Ice Magic      | 1 2 |  2.9
Air Magic      | 1 2 |  2.9
Earth Magic    | 1 2 |  2.9
Poison Magic   | 1 2 |  2.9
Invocations    | 3 4 |  4.7
Evocations     | 3 4 |  4.4
Hexes          | 4 |  4.8
Stealth        | 3 4 |  4.3
Ranged Weapons | 7 |  7.5

Action                   |  1- 3 |  4- 6 |  7- 9 || total
-------------------------+-------+-------+-------++-------
Melee: Dagger            |       |   103 |   229 ||   332
       Bite              |       |    11 |    27 ||    38
       Punch             |       |     1 |     6 ||     7
 Fire: Sling             |    71 |    87 |       ||   158
 Cast: Foxfire           |       |       |     5 ||     5
  Use: Scroll            |     2 |     4 |     4 ||    10
       Potion            |       |     2 |       ||     2
 Stab: Paralysed         |       |       |     1 ||     1
       Sleeping          |       |       |     2 ||     2
Armor: Plate armour      |    67 |   205 |     1 ||   273
       Ring mail         |       |       |    89 ||    89
       Leather armour    |       |       |    24 ||    24
Dodge: Dodged            |     1 |    11 |   178 ||   190

Table legend: (Time is in decaauts)
 A = Elapsed time spent in this place.
 B = Non-inter-level travel time spent in this place.
 C = Inter-level travel time spent in this place.
 D = Time resting spent in this place.
 E = Time spent auto-exploring this place.
 F = Levels seen in this place.
 G = Mean time per level.
                   A        B        C        D        E       F      G
               +--------+--------+--------+--------+--------+-----+--------+
         Total |   4378 |   4182 |    196 |    275 |   1709 |   7 |  625.4 |
       Dungeon |   3862 |   3666 |    196 |    257 |   1709 |   6 |  643.7 |
         Sewer |    515 |    515 |      0 |     18 |      0 |   1 |  515.0 |
               +--------+--------+--------+--------+--------+-----+--------+

Top non-repeatable levels by time:
     D:5: 1093 daAuts
     D:3: 933 daAuts
     D:2: 705 daAuts
     D:4: 654 daAuts
   Sewer: 515 daAuts
     D:1: 460 daAuts
     D:6: 14 daAuts
